Map: Blackburn LE

Players

Pumba - Winner!

  • Race: Protoss Protoss
  • League: Diamond
  • Spawn Location: 7:00

FuriousDroid

  • Race: Zerg Zerg
  • League: Diamond
  • Spawn Location: 5:00

VOD

Have the link to the VOD?

Description

Time

  • Played on: March 15, 2022, 9:23 p.m.
  • Length: 8:52
Show
View Real Time Build Order
Export as new Build Order

Pumba Protoss - Winner!

Build Orders: 1 Gate Expand, Zealot Archon, Archon Drop, Dark Templar Rush 

Get SALT Encoding   

  12  0:00  Probe  
  13  0:12  Probe  
  14  0:20  Pylon  
  14  0:24  Probe  
  15  0:38  Probe (Chrono Boost), Gateway  
  16  0:49  Probe (Chrono Boost), Assimilator  
  17  0:54  Probe (Chrono Boost)  
  18  1:04  Probe  
  19  1:16  Probe  
  20  1:24  Nexus  
  20  1:34  Cybernetics Core  
  20  1:40  Probe  
  20  1:43  Assimilator  
  21  1:52  Probe  
  22  1:58  Pylon  
  22  2:04  Probe  
  23  2:11  Warp Gate  
  23  2:13  Adept (Chrono Boost)  
  23  2:16  Probe  
  26  2:28  Probe  
  26  2:29  Twilight Council  
  27  2:35  Stalker (Chrono Boost)  
  29  2:38  Probe (Chrono Boost)  
  31  2:45  Probe (Chrono Boost)  
  31  2:49  Probe (Chrono Boost)  
  32  2:54  Probe (Chrono Boost)  
  32  2:55  Probe (Chrono Boost)  
  34  3:04  Probe  
  35  3:07  Robotics Facility, Probe  
  36  3:16  Probe  
  36  3:19  Probe  
  38  3:29  Probe  
  38  3:32  Probe  
  40  3:37  Dark Shrine  
  40  3:41  Probe  
  41  3:44  Probe  
  41  3:47  Gateway  
  41  3:48  Gateway  
  42  3:50  Gateway  
  42  3:53  Probe  
  42  3:54  Pylon  
  43  3:56  Warp Prism (Chrono Boost)  
  43  4:01  Probe  
  46  4:12  Probe, Assimilator  
  46  4:13  Probe  
  46  4:14  Assimilator  
  48  4:19  Pylon  
  48  4:22  Adept, Pylon  
  51  4:24  Probe  
  51  4:25  Probe  
  52  4:36  Probe  
  52  4:37  Probe  
  54  4:49  Dark Templar x3  
  54  4:50  Dark Templar  
  54  4:51  Probe  
  63  4:54  Observer (Chrono Boost)  
  64  5:00  Probe  
  64  5:03  Probe  
  66  5:16  Probe  
  66  5:21  Pylon  
  67  5:23  Pylon  
  67  5:27  Gateway  
  67  5:29  Gateway x2  
  67  5:31  Gateway  
  67  5:32  Gateway  
  67  5:34  Charge  
  67  5:36  Archon x2  
  67  5:38  Immortal (Chrono Boost)  
  71  5:46  Nexus  
  71  6:08  Immortal (Chrono Boost)  
  75  6:21  Pylon  
  75  6:24  Pylon  
  75  6:28  Pylon  
  75  6:30  Pylon  
  75  6:31  Dark Templar x4, Pylon  
  83  6:33  Pylon  
  83  6:36  Archon x2  
  83  6:59  Dark Templar x3  
  83  7:00  Zealot, Dark Templar  
  93  7:05  Archon x2  
  93  7:08  Zealot  
  93  7:09  Zealot x3  
  101  7:28  Zealot x3  
  101  7:29  Zealot x4  
  105  7:54  Zealot x7  
  105  7:55  Zealot x2  
  113  8:23  Zealot x9  
Show
View Real Time Build Order
Export as new Build Order

FuriousDroid Zerg 

Build Orders: Hatch First 

Get SALT Encoding   

  12  0:02  Drone  
  13  0:12  Overlord  
  13  0:17  Drone  
  14  0:31  Drone x2  
  16  0:50  Hatchery  
  16  0:52  Drone  
  16  0:55  Drone  
  17  1:03  Extractor  
  16  1:12  Spawning Pool  
  16  1:16  Drone  
  16  1:18  Drone  
  17  1:24  Drone  
  18  1:28  Drone  
  19  1:42  Overlord  
  19  1:51  Drone  
  20  2:00  Drone  
  21  2:02  Queen x2  
  21  2:03  Drone  
  26  2:11  Drone  
  26  2:13  Metabolic Boost  
  27  2:20  Zergling x2  
  28  2:35  Overlord  
  28  2:36  Drone x3  
  31  2:49  Hatchery  
  30  2:56  Zergling x4  
  31  3:06  Zergling x2  
  31  3:07  Zergling x2  
  31  3:09  Zergling x2  
  34  3:14  Overlord  
  34  3:17  Lair  
  34  3:22  Extractor  
  34  3:23  Roach Warren  
  32  3:42  Drone x6  
  32  3:46  Overlord  
  32  3:47  Overlord  
  38  3:49  Drone  
  38  3:50  Drone x2  
  41  4:01  Drone x2  
  43  4:05  Drone  
  43  4:06  Drone x2  
  43  4:07  Extractor  
  43  4:08  Drone  
  46  4:10  Queen  
  48  4:17  Drone  
  48  4:21  Drone  
  48  4:22  Drone x2  
  52  4:24  Overlord  
  52  4:30  Roach x3  
  57  4:36  Roach x2  
  57  4:37  Roach  
  62  4:53  Overseer  
  59  5:00  Overseer  
  55  5:14  Overseer  
  55  5:16  Roach x7  
  69  5:23  Spore Crawler  
  69  5:24  Drone x3  
  69  5:26  Drone x3  
  69  5:27  Overlord x2  
  74  5:35  Overlord x2  
  74  5:40  Infestation Pit  
  74  5:41  Glial Reconstitution, Drone  
  74  5:44  Overlord x2  
  74  5:46  Extractor  
  73  6:01  Zergling x2  
  73  6:02  Zergling x2  
  73  6:15  Drone  
  73  6:16  Drone x6  
  79  6:23  Drone x2  
  79  6:24  Drone  
  79  6:25  Drone x2  
  84  6:30  Ravager x2  
  84  6:31  Ravager  
  84  6:32  Drone x3  
  90  6:33  Pathogen Glands  
  90  6:36  Drone, Evolution Chamber  
  90  6:38  Evolution Chamber  
  88  6:53  Spore Crawler  
  88  6:54  Drone x4, Spine Crawler  
  90  6:58  Drone x6  
  90  7:00  Extractor  
  90  7:01  Extractor  
  94  7:02  Queen  
  94  7:05  Queen  
  94  7:08  Hatchery  
  97  7:09  Overseer  
  97  7:19  Drone x3  
  97  7:20  Ravager  
  97  7:21  Ravager x2  
  103  7:37  Roach x5  
  103  7:41  Roach x4  
  108  7:50  Roach x5  
  80  8:01  Roach x2  
  80  8:02  Roach  
  61  8:17  Roach x2  
  50  8:24  Roach  
  50  8:25  Roach x4  
Tags
 
Add a new tag
Caveats
  • Supply blocks, unpowered buildings, or Contaminate may cause inaccurate times.
  • Supply counts are checked every 10 seconds.